 Dungeon Crawl Stone Soup version 0.30-a0-726-gd89dcf765f (webtiles) character file.

Game seed: 6635086796242163285

182 hikkokomori the Ducker (level 5, -1/41 HPs)
             Began as a Merfolk Gladiator on Jan 30, 2023.
             Killed from afar by an orc wizard (5 damage)
             ... with a magic dart
             ... on level 3 of the Dungeon.
             The game lasted 00:02:19 (1521 turns).

hikkokomori the Ducker (Merfolk Gladiator)          Turns: 1521, Time: 00:02:20

Health: -1/41      AC:  7    Str: 14    XL:     5   Next: 62%
Magic:  5/5        EV: 13    Int:  8    God:
Gold:   111        SH:  0    Dex: 17    Spells: 4/4 levels left

rFire   . . .      SeeInvis .    a - +0 long sword
rCold   . . .      Faith    .    (no shield)
rNeg    . . .      Spirit   .    k - +0 ring mail
rPois   .          Reflect  .    c - +0 helmet
rElec   .          Harm     .    q - +0 cloak
rCorr   .          Rampage  .    (no gloves)
Will    .....                    (no boots)
Stlth   ++                       (no amulet)
HPRegen 0.26/turn                (no ring)
MPRegen 0.09/turn                (no ring)

@: no status effects
A: (nimble swimmer 2), mertail
a: no special abilities


You were on level 3 of the Dungeon.
You visited 1 branch of the dungeon, and saw 3 of its levels.

You collected 137 gold pieces.
You spent 26 gold pieces at shops.

Inventory:

Hand Weapons
 a - a +0 long sword (weapon)
Missiles
 d - 3 throwing nets (quivered)
 e - 9 javelins
Armour
 b - a +0 leather armour
 c - a +0 helmet (worn)
 k - a +0 ring mail (worn)
 o - a scarf of repulsion
 q - a +0 cloak (worn)
Jewellery
 s - a +5 ring of evasion
Wands
 r - a wand of flame (20)
Scrolls
 h - 2 scrolls of blinking {unknown}
 j - 3 scrolls of vulnerability {unknown}
 l - a scroll of immolation {unknown}
 m - 3 scrolls of identify
 n - a scroll of fear {unknown}
 p - 3 scrolls of teleportation {unknown}
Potions
 f - 3 potions of curing
 g - a potion of lignification
 i - 2 potions of heal wounds {unknown}
 t - a potion of mutation {unknown}


   Skills:
 + Level 3.6 Fighting
 + Level 4.8 Long Blades
 - Level 2.0 Throwing
 + Level 5.2 Dodging
 + Level 2.9 Stealth


You had 4 spell levels left.
You didn't know any spells.
Your spell library was empty.

Dungeon Overview and Level Annotations

Branches:
Dungeon (3/15)

Altars:

Shops:
D:2 ?

Annotations:
D:2 1 runed translucent door, Crazy Yiuf


Innate Abilities, Weirdness & Mutations

((You are very nimble when in or above water. (Stealth+, EV+, Speed+++)))
Your lower body shifts to a powerful aquatic tail in water.


Message History

The orc is heavily wounded.
Something hits you but does no damage. The orc hits you with a +0 trident.
You closely miss the orc. You punch the orc.
The orc is severely wounded.
The orc closely misses you. Something hits you but does no damage.
You hit the orc but do no damage.
The orc is severely wounded.
The orc hits you with a +0 trident.
* * * LOW HITPOINT WARNING * * *
You hear some strange, mumbled words.
A magic dart appears from out of thin air!
The magic dart hits you.
* * * LOW HITPOINT WARNING * * *
The orc completely misses you.
You hear some strange, mumbled words.
A puff of flame appears from out of thin air!
The puff of flame misses you.
You feel better.
You hear some strange, mumbled words.
A magic dart appears from out of thin air!
The magic dart hits you!
* * * LOW HITPOINT WARNING * * *
The orc hits you but does no damage.
You hit the orc.
You kill the orc!
Something hits you but does no damage.
You miss something. Something hits you but does no damage.
You hit something but do no damage. Something hits you but does no damage.
You hit something but do no damage. Something hits you but does no damage.
You slash something! Something hits you but does no damage.
You slash something! Something hits you but does no damage.
You hear some strange, mumbled words.
A puff of flame appears from out of thin air!
The puff of flame hits you.
* * * LOW HITPOINT WARNING * * *
You closely miss something.
You hear some strange, mumbled words.
A magic dart appears from out of thin air!
The magic dart hits you.
You die...

......................
....................#.
...........##########.
(.......#'##
........#.#
........#'#######
######..........
...######.....$....
......{@...........
......))...........
)........#..#......
...........##......
...#+###.##. ...... ..
#.# .#...... . ..# .#
... ... .#


There were no monsters in sight!

Vanquished Creatures
  A scorpion (D:3)
  An orc priest (D:3)
  An adder (D:3)
  A worm (D:2)
  3 dart slugs
  6 orcs (D:3)
  6 bats
  7 endoplasms
  6 giant cockroaches
  5 goblins
  7 hobgoblins
  7 jackals (D:2)
  3 quokkas
  3 ball pythons (D:1)
  A frilled lizard (D:1)
  5 kobolds
  3 rats
66 creatures vanquished.

Notes
Turn   | Place    | Note
-------+----------+-------------------------------------------
     0 | D:1      | hikkokomori the Merfolk Gladiator began the quest for the
                  | Orb.
     0 | D:1      | Reached XP level 1. HP: 16/16 MP: 1/1
    67 | D:1      | Reached XP level 2. HP: 16/23 MP: 2/2
   149 | D:1      | Reached skill level 1 in Stealth
   212 | D:1      | Reached XP level 3. HP: 20/28 MP: 3/3
   562 | D:2      | Found Runut's Magic Scroll Shoppe.
   571 | D:2      | Bought a scroll of identify for 26 gold pieces
   800 | D:2      | Reached XP level 4. HP: 22/34 MP: 4/4
  1019 | D:2      | Found a runed translucent door.
  1020 | D:2      | Noticed Crazy Yiuf
  1204 | D:2      | You fall into a shaft and drop 1 floor!
  1264 | D:3      | Noticed a scorpion
  1282 | D:3      | Killed a scorpion
  1283 | D:3      | Reached skill level 5 in Dodging
  1283 | D:3      | Reached XP level 5. HP: 25/41 MP: 5/5
  1521 | D:3      | Killed from afar by an orc wizard

Illustrated notes

Levels and vault maps discovered:
D:1:      beargit_arrival_greenhouse, layout_rooms
D:2:      minmay_evil_eye, layout_loops_ring, serial_shops, shop,
          uniq_crazy_yiuf_cottage
D:3:      layout_basic, amcnicky_mini_rare_corridor_liquid

Skill      XL: |  1  2  3  4 |
---------------+-------------+-----
Stealth        | 1 2 |  2.9
Long Blades    | 4 |  4.8
Fighting       | 3 |  3.6
Dodging        | 5 |  5.2
Throwing       | |  2.0

Action                     |  1- 3 |  4- 6 || total
---------------------------+-------+-------++-------
  Melee: Long sword        |   115 |    87 ||   202
         Punch             |       |     3 ||     3
    Use: Scroll            |     1 |       ||     1
         Potion            |       |     2 ||     2
   Stab: Sleeping          |     5 |       ||     5
         Distracted        |     1 |       ||     1
 Armour: Leather armour    |    41 |       ||    41
         Ring mail         |    16 |    59 ||    75
  Dodge: Dodged            |   113 |    69 ||   182

Table legend: (Time is in decaauts)
 A = Elapsed time spent in this place.
 B = Non-inter-level travel time spent in this place.
 C = Inter-level travel time spent in this place.
 D = Time resting spent in this place.
 E = Time spent auto-exploring this place.
 F = Levels seen in this place.
 G = Mean time per level.
                   A        B        C        D        E       F      G
               +--------+--------+--------+--------+--------+-----+--------+
         Total |   1558 |   1533 |     25 |      0 |   1069 |   3 |  519.3 |
       Dungeon |   1558 |   1533 |     25 |      0 |   1069 |   3 |  519.3 |
               +--------+--------+--------+--------+--------+-----+--------+

Top non-repeatable levels by time:
     D:2: 708 daAuts
     D:1: 524 daAuts
     D:3: 325 daAuts
